 Dungeon Crawl Stone Soup version 0.22-a0-322-g60b3cfd (webtiles) character file.

107 Kairos the Shield-Bearer (level 5, 40/42 HPs)
             Began as a Formicid Fighter on Apr 5, 2018.
             Got out of the dungeon alive.
             The game lasted 00:01:48 (1192 turns).

Kairos the Shield-Bearer (Formicid Fighter)         Turns: 1192, Time: 00:01:50

Health: 40/42      AC:  8    Str: 20    XL:     5   Next: 10%
Magic:  5/5        EV:  8    Int:  8    God:
Gold:   74         SH:  9    Dex: 11    Spells: 4/4 levels left

rFire    . . .     SeeInvis +   a - +0 quarterstaff
rCold    . . .     Gourm    .   c - +0 shield
rNeg     . . .     Faith    .   b - +0 scale mail
rPois    .         Spirit   .   (helmet unavailable)
rElec    .         Reflect  .   (no cloak)
rCorr    .         Harm     .   (no gloves)
MR       .....                  e - +0 pair of boots
Stlth    ..........             (no amulet)
HPRegen  0.14/turn              (no ring)
MPRegen  0.09/turn              (no ring)

@: no status effects
A: permanent stasis, dig shafts and tunnels, four strong arms, antennae 3
a: Dig, Shaft Self


You escaped.
You were very hungry.

You visited 1 branch of the dungeon, and saw 2 of its levels.

You collected 74 gold pieces.

Inventory:

Hand Weapons
 a - a +0 quarterstaff (weapon)
Missiles
 i - 7 tomahawks (quivered)
Armour
 b - a +0 scale mail (worn)
 c - a +0 shield (worn)
 e - a +0 pair of boots (worn)
Scrolls
 g - 2 scrolls of remove curse
Potions
 d - 2 potions of might
 h - 2 potions of flight
Comestibles
 f - 4 rations


   Skills:
 + Level 3.8 Fighting
 + Level 3.1 Staves
 + Level 4.0 Armour
 + Level 0.2 Dodging
 + Level 0.3 Stealth
 + Level 4.6 Shields


You had 4 spell levels left.
You didn't know any spells.

Dungeon Overview and Level Annotations

Branches:
Dungeon (2/15)

Altars:


Innate Abilities, Weirdness & Mutations

You cannot be hasted, slowed, berserked, paralysed or teleported.
You can dig through walls and to a lower floor.
Your four strong arms can wield two-handed weapons with a shield.
You have a pair of large antennae on your head. (SInv)


Message History

There is a stone staircase leading up here.
You climb upwards.
There is a stone staircase leading down here.
As you read the scroll labeled NUX XIOTIWUI, it crumbles to dust.
You feel blessed for a moment.
It was a scroll of remove curse.
As you read the scroll labeled CAPONO REFU LIO, it crumbles to dust.
It is a scroll of identify.
h - 2 potions of flight
As you read the scroll labeled CUMYZE HAFUPE, it crumbles to dust.
You feel a strange sense of stasis.
It was a scroll of teleportation.
You can't go up here!
You are feeling very hungry.
You can't go up here!
There is an open door here.
You open the door.
There is an open door here.
There is an open door here.
There is a staircase leading out of the dungeon here.
Are you sure you want to leave the Dungeon?
This will make you lose the game!
You have escaped!

#...........'
#..)........#
#...........#
#...........#
#...........#
###.######'##
#..# #.#
#########.#
#.#
#@#P≈P≈≈'.#
#.#
#.#≈P.≈.###
#.##
#.#.≈P.≈#
#...
#P......#
####
#≈.≈≈≈.≈#
#≈≈..≈≈≈#
#≈≈P.P≈≈#
#########


There were no monsters in sight!

Vanquished Creatures
  An iguana (D:2)
  Natasha (D:2)
  An adder (D:2)
  2 dart slugs (D:1)
  7 bats
  8 goblins
  5 hobgoblins (D:1)
  5 kobolds
  3 frilled lizards (D:1)
  9 rats (D:1)
42 creatures vanquished.

Notes
Turn   | Place    | Note
-------+----------+-------------------------------------------
     0 | D:1      | Kairos the Formicid Fighter began the quest for the Orb.
     0 | D:1      | Reached XP level 1. HP: 18/18 MP: 1/1
    94 | D:1      | Reached XP level 2. HP: 24/24 MP: 2/2
   260 | D:1      | Reached XP level 3. HP: 29/29 MP: 3/3
  1009 | D:2      | Reached XP level 4. HP: 25/37 MP: 4/4
  1044 | D:2      | Noticed Natasha
  1055 | D:2      | Killed Natasha
  1055 | D:2      | Reached XP level 5. HP: 20/42 MP: 5/5
  1192 | D:$      | Got out of the dungeon alive.

Vault maps used:
D:1:      lightli_arrival_flooded_house, minmay_nonomino_d4
D:2:      nicolae_dithmenos_through_a_glass_darkly, uniq_natasha

Skill      XL: |  1  2  3  4 |
---------------+-------------+-----
Shields        | 4 |  4.6
Staves         | 3 |  3.1
Armour         | 4 |  4.0
Fighting       | |  3.8
Dodging        | |  0.2
Stealth        | |  0.3

Action                   |  1- 3 |  4- 6 || total
-------------------------+-------+-------++-------
Melee: Quarterstaff      |    98 |    26 ||   124
  Use: Scroll            |       |     3 ||     3
Armor: Scale mail        |    46 |    12 ||    58
Dodge: Dodged            |    26 |     5 ||    31
Block: Shield            |    52 |    15 ||    67

Table legend:
 A = Spawn XP
 B = Non-spawn XP
 C = Spawn XP percentage of total XP
 D = Spawn monster count
 E = Non-spawn monster count
 F = Spawn count percentage of total count
 G = Total turns spent on level
                    A         B        C        D         E        F      G
               +---------+---------+-------+---------+---------+-------+---------
         Total |       0 |     153 |   0.0 |       0 |      42 |   0.0 |  1192
               +---------+---------+-------+---------+---------+-------+---------
           D:1 |       0 |      56 |   0.0 |       0 |      33 |   0.0 |  1075
           D:2 |       0 |      97 |   0.0 |       0 |       9 |   0.0 |   117
               +---------+---------+-------+---------+---------+-------+---------
